EL
BOWIE BAYSOX @ JACKSON GENERALS
09/23/2044
 
TOP OF THE 1ST
Bowie Baysox batting - Pitching for Jackson Generals : RHP Justin Lee
Pitching: RHP Justin Lee
Batting: RHB Jeremy Giesler 0-0: Called Strike
0-1: SINGLE (Groundball, 56D, EV 95.6 MPH)
Batting: RHB Danny Merrill 0-0: Called Strike
0-1: Foul Ball, location: 2F
0-2: Foul Ball, location: 2F
0-2: Strikes out swinging
Batting: RHB Dermott Neill 0-0: Called Strike
Jeremy Giesler steals 2nd base
0-1: Ball
1-1: Foul Ball, location: 2F
1-2: Ball
2-2: Foul Ball, location: 2F
2-2: Ball
3-2: Foul Ball, location: 2F
3-2: Fly out, F2 (Popup, 2LF, EV 95.0 MPH)
Batting: LHB Pat Shaddock 0-0: Swinging Strike
0-1: Ball
1-1: Called Strike
1-2: Strikes out looking
Top of the 1st over - 0 runs, 1 hit, 0 errors, 1 left on base; Bowie 0 - Jackson 0
BOTTOM OF THE 1ST
Jackson Generals batting - Pitching for Bowie Baysox : RHP Ray Richards
Pitching: RHP Ray Richards
Batting: RHB Malik Brookshire 0-0: Bunt missed!
0-1: Ball
1-1: Ball
2-1: Ball
3-1: Base on Balls
Batting: LHB Ignacio Bernal 0-0: Ball
1-0: Ball
2-0: Foul Ball, location: 2F
2-1: Foul Ball, location: 2F
2-2: Foul Ball, location: 2F
2-2: Ball
3-2: Base on Balls
Malik Brookshire to second
Batting: LHB Jerrod Cluck 0-0: SINGLE (Groundball, 6, EV 96.9 MPH)
Malik Brookshire to third
Ignacio Bernal to second
Runner from 3rd tries for Home, SAFE, throw by LF to home
Batting: LHB Cliff Thomas 0-0: Foul Ball, location: 2F
0-1: Ball
1-1: DOUBLE (Line Drive, 89M, EV 105.6 MPH)
Ignacio Bernal scores
Jerrod Cluck to third
Runner from 3rd tries for Home, SAFE, throw by CF to home
Batting: RHB Harutomi Matsubara 0-0: Called Strike
0-1: Ball
1-1: Ball
2-1: Ball
3-1: SINGLE (Line Drive, 34D, EV 95.6 MPH)
Cliff Thomas to third
Batting: RHB Tony Vargas 0-0: Ball
1-0: Foul Ball, location: 2F
1-1: Ball
2-1: Ball
3-1: Fly out, F4 (Flyball, 34D, EV 79.4 MPH)
Batting: LHB Tom Reynolds 0-0: Ball
Harutomi Matsubara steals 2nd base
1-0: Called Strike
1-1: Ball
Wild Pitch!
Cliff Thomas scores
Harutomi Matsubara to third
2-1: Fly out, F9 (Flyball, 9D, EV 104.4 MPH)
Runner from 3rd tags up, SCORES, no throw by RF
Batting: RHB Brad Robidas 0-0: Ball
1-0: Foul Ball, location: 2F
1-1: Ball
2-1: Ball
3-1: Ground out 6-3 (Groundball, 6, EV 90.0 MPH)
Bottom of the 1st over - 5 runs, 3 hits, 0 errors, 0 left on base; Bowie 0 - Jackson 5
TOP OF THE 2ND
Bowie Baysox batting - Pitching for Jackson Generals : RHP Justin Lee
Batting: SHB Justin Toth 0-0: Called Strike
0-1: Ball
1-1: Ball
2-1: Foul Ball, location: 2F
2-2: Ball
3-2: Ground out 4-3 (Groundball, 4S, EV 81.3 MPH)
Batting: RHB Vince Jackson 0-0: Fly out, F9 (Flyball, 9LS, EV 80.6 MPH)
Batting: RHB Chase Cassidy 0-0: Ball
1-0: Called Strike
1-1: Ball
2-1: Swinging Strike
2-2: Strikes out swinging
Top of the 2nd over - 0 runs, 0 hits, 0 errors, 0 left on base; Bowie 0 - Jackson 5
BOTTOM OF THE 2ND
Jackson Generals batting - Pitching for Bowie Baysox : RHP Ray Richards
Batting: LHB Matt Purke Jr. 0-0: Called Strike
0-1: Ground out 4-3 (Groundball, 4M, EV 101.3 MPH)
Batting: RHB Malik Brookshire 0-0: Ball
1-0: SINGLE (Groundball, 34S, EV 66.3 MPH) (infield hit)
Batting: LHB Ignacio Bernal 0-0: Ball
Malik Brookshire steals 2nd base
1-0: Ball
2-0: Called Strike
Malik Brookshire steals 3rd base
2-1: Foul Ball, location: 2F
2-2: Ball
Wild Pitch!
Malik Brookshire scores
3-2: Reached on error, E1 (Groundball, 15S, EV 63.8 MPH)
Pitching: RHP Påske Olmqvist
Batting: LHB Jerrod Cluck 0-0: Ball
1-0: Ball
2-0: Hit by Pitch
Batting: LHB Cliff Thomas 0-0: Ball
1-0: Ball
2-0: Foul Ball, location: 2F
2-1: Grounds into double play, 4-6-3 (Groundball, 4, EV 85.6 MPH)
Bottom of the 2nd over - 1 run, 1 hit, 1 error, 1 left on base; Bowie 0 - Jackson 6
TOP OF THE 3RD
Bowie Baysox batting - Pitching for Jackson Generals : RHP Justin Lee
Batting: LHB Momoru Yasui 0-0: Foul Ball, location: 2F
0-1: Foul Ball, location: 2F
0-2: Ground out U3 (Groundball, 3, EV 84.4 MPH)
Batting: RHB Ashton Holloway 0-0: Ground out 6-3 (Groundball, 6, EV 108.8 MPH)
Batting: RHB Jeremy Giesler 0-0: Ball
1-0: Ball
2-0: Swinging Strike
2-1: Foul Ball, location: 2F
2-2: Strikes out swinging
Top of the 3rd over - 0 runs, 0 hits, 0 errors, 0 left on base; Bowie 0 - Jackson 6
BOTTOM OF THE 3RD
Jackson Generals batting - Pitching for Bowie Baysox : RHP Påske Olmqvist
Batting: RHB Harutomi Matsubara 0-0: Ball
1-0: Called Strike
1-1: Ground out 5-3 (Groundball, 56, EV 80.6 MPH)
Batting: RHB Tony Vargas 0-0: Foul Ball, location: 2F
0-1: Ball
1-1: Ball
2-1: Swinging Strike
2-2: DOUBLE (Line Drive, 9LS, EV 109.4 MPH)
Batting: LHB Tom Reynolds 0-0: Called Strike
0-1: Foul Ball, location: 2F
0-2: Ball
1-2: Ball
2-2: Ground out 4-3 (Groundball, 34D, EV 105.0 MPH)
Tony Vargas to third
Batting: RHB Brad Robidas 0-0: Fly out, F4 (Flyball, 34D, EV 82.5 MPH)
Bottom of the 3rd over - 0 runs, 1 hit, 0 errors, 1 left on base; Bowie 0 - Jackson 6
TOP OF THE 4TH
Bowie Baysox batting - Pitching for Jackson Generals : RHP Justin Lee
Batting: RHB Danny Merrill 0-0: Ball
1-0: Called Strike
1-1: Foul Ball, location: 2F
1-2: Ball
2-2: Foul Ball, location: 2F
2-2: Foul Ball, location: 2F
2-2: Foul Ball, location: 2F
2-2: Foul Ball, location: 2F
2-2: Ball
3-2: Fly out, F7 (Flyball, 7LM, EV 90.0 MPH)
Batting: RHB Dermott Neill 0-0: Swinging Strike
0-1: Ball
1-1: Called Strike
1-2: Foul Ball, location: 2F
1-2: Strikes out looking
Batting: LHB Pat Shaddock 0-0: Hit by Pitch
Batting: SHB Justin Toth 0-0: Foul Ball, location: 2F
0-1: Foul Ball, location: 2F
0-2: Foul Ball, location: 2F
0-2: DOUBLE (Line Drive, 89D, EV 113.1 MPH)
Pat Shaddock to third
Batting: RHB Vince Jackson 0-0: Ball
1-0: Swinging Strike
1-1: Ball
2-1: Called Strike
2-2: Ball
3-2: Foul Ball, location: 2F
3-2: Strikes out looking
Top of the 4th over - 0 runs, 1 hit, 0 errors, 2 left on base; Bowie 0 - Jackson 6
BOTTOM OF THE 4TH
Jackson Generals batting - Pitching for Bowie Baysox : RHP Påske Olmqvist
Batting: LHB Matt Purke Jr. 0-0: Ball
1-0: Called Strike
1-1: Ball
2-1: Foul Ball, location: 2F
2-2: SINGLE (Groundball, 6MD, EV 97.5 MPH)
Batting: RHB Malik Brookshire 0-0: Foul Ball, location: 2F
0-1: Called Strike
Matt Purke Jr. steals 2nd base
0-2: Ground out 6-3 (Groundball, 6, EV 89.4 MPH)
Matt Purke Jr. to third
Batting: LHB Ignacio Bernal 0-0: Ball
1-0: Ground out 4-3 (Groundball, 4, EV 84.4 MPH)
Matt Purke Jr. scores
Batting: LHB Jerrod Cluck 0-0: DOUBLE (Groundball, 5L, EV 96.3 MPH)
Batting: LHB Cliff Thomas 0-0: Hit by Pitch
Batting: RHB Harutomi Matsubara 0-0: Called Strike
0-1: SINGLE (Groundball, 34D, EV 104.4 MPH)
Jerrod Cluck to third
Cliff Thomas to second
Runner from 3rd tries for Home, throw by RF and OUT! 9-2
Bottom of the 4th over - 1 run, 3 hits, 0 errors, 2 left on base; Bowie 0 - Jackson 7
TOP OF THE 5TH
Bowie Baysox batting - Pitching for Jackson Generals : RHP Justin Lee
Batting: RHB Chase Cassidy 0-0: Called Strike
0-1: Swinging Strike
0-2: Strikes out swinging, 2-3 out at first.
Batting: LHB Momoru Yasui 0-0: Ball
1-0: Ball
2-0: Foul Ball, location: 2F
2-1: DOUBLE (Line Drive, 9LS, EV 101.9 MPH)
Batting: RHB Ashton Holloway 0-0: Ball
1-0: Foul Ball, location: 2F
1-1: Ball
2-1: Ball
3-1: Base on Balls
Batting: RHB Jeremy Giesler 0-0: Called Strike
0-1: Swinging Strike
0-2: Fielders Choice at 2nd, 3-6 (Groundball, 3, EV 88.1 MPH)
Momoru Yasui to third
Batting: RHB Danny Merrill 0-0: Ball
1-0: Ball
2-0: SINGLE (Line Drive, 56D, EV 96.9 MPH)
Momoru Yasui scores
Jeremy Giesler to second
Batting: RHB Dermott Neill 0-0: Called Strike
0-1: Ball
1-1: SINGLE (Flyball, 3D, EV 90.6 MPH)
Jeremy Giesler to third
Danny Merrill to second
Runner from 3rd tries for Home, SAFE, throw by RF to home
Pitching: RHP Kurt Loscalzo
Batting: LHB Pat Shaddock 0-0: Called Strike
0-1: Ball
1-1: Swinging Strike
1-2: Foul Ball, location: 2F
1-2: Strikes out swinging
Top of the 5th over - 2 runs, 3 hits, 0 errors, 2 left on base; Bowie 2 - Jackson 7
BOTTOM OF THE 5TH
Jackson Generals batting - Pitching for Bowie Baysox : RHP Påske Olmqvist
Batting: RHB Tony Vargas 0-0: Ball
1-0: Called Strike
1-1: Swinging Strike
1-2: Ball
2-2: Ball
3-2: Foul Ball, location: 2F
3-2: Foul Ball, location: 2F
3-2: Foul Ball, location: 2F
3-2: SINGLE (Line Drive, 9S, EV 107.5 MPH)
Batting: LHB Tom Reynolds 0-0: Fly out, F8 (Flyball, 8LXD, EV 101.3 MPH)
Batting: RHB Brad Robidas 0-0: Swinging Strike
0-1: Foul Ball, location: 2F
0-2: Ball
1-2: SINGLE (Groundball, 6M, EV 85.6 MPH) (infield hit)
Tony Vargas to second
Batting: LHB Matt Purke Jr. 0-0: Fielders Choice at 2nd, 5-4 (Groundball, 6, EV 101.9 MPH)
Tony Vargas to third
Batting: RHB Malik Brookshire 0-0: Ball
1-0: Foul Ball, location: 2F
1-1: Reached on error, E6 (Groundball, 6, EV 104.4 MPH)
Tony Vargas scores
Matt Purke Jr. to second
Batting: LHB Ignacio Bernal 0-0: Ball
1-0: Ball
2-0: Foul Ball, location: 2F
2-1: Called Strike
2-2: Ball
3-2: Base on Balls
Matt Purke Jr. to third
Malik Brookshire to second
Batting: LHB Jerrod Cluck 0-0: Ball
1-0: Foul Ball, location: 2F
1-1: Called Strike
1-2: Fly out, F7 (Flyball, 7, EV 86.3 MPH)
Bottom of the 5th over - 1 run, 2 hits, 1 error, 3 left on base; Bowie 2 - Jackson 8
TOP OF THE 6TH
Bowie Baysox batting - Pitching for Jackson Generals : RHP Kurt Loscalzo
Batting: SHB Justin Toth 0-0: Fly out, F7 (Flyball, 7LD, EV 90.6 MPH)
Batting: RHB Vince Jackson 0-0: Ball
1-0: Foul Ball, location: 2F
1-1: Swinging Strike
1-2: Foul Ball, location: 2F
1-2: Ball
2-2: Ball
3-2: Strikes out looking
Batting: RHB Chase Cassidy 0-0: Called Strike
0-1: Foul Ball, location: 2F
0-2: Ball
1-2: SINGLE (Groundball, 4MD, EV 106.3 MPH)
Batting: LHB Momoru Yasui 0-0: Ball
Pickoff Throw to First - Out! 1-3
Top of the 6th over - 0 runs, 1 hit, 0 errors, 0 left on base; Bowie 2 - Jackson 8
BOTTOM OF THE 6TH
Jackson Generals batting - Pitching for Bowie Baysox : RHP Påske Olmqvist
Batting: LHB Cliff Thomas 0-0: Swinging Strike
0-1: Called Strike
0-2: Strikes out swinging
Batting: RHB Harutomi Matsubara 0-0: Fly out, F7 (Flyball, 78D, EV 86.9 MPH)
Batting: RHB Tony Vargas 0-0: Called Strike
0-1: Ball
1-1: SINGLE (Line Drive, 4MD, EV 103.1 MPH)
Batting: LHB Tom Reynolds 0-0: Called Strike
0-1: SINGLE (Groundball, 56D, EV 97.5 MPH)
Tony Vargas to second
Batting: RHB Brad Robidas 0-0: Foul Ball, location: 2F
0-1: Ball
1-1: Called Strike
1-2: Ball
2-2: Ball
3-2: Foul Ball, location: 2F
3-2: Strikes out swinging
Bottom of the 6th over - 0 runs, 2 hits, 0 errors, 2 left on base; Bowie 2 - Jackson 8
TOP OF THE 7TH
Bowie Baysox batting - Pitching for Jackson Generals : RHP Kurt Loscalzo
Batting: LHB Momoru Yasui 0-0: Called Strike
0-1: Called Strike
0-2: Ball
1-2: Strikes out swinging
Batting: RHB Ashton Holloway 0-0: Called Strike
0-1: Ball
1-1: Ground out 5-3 (Groundball, 5S, EV 80.0 MPH)
Batting: RHB Jeremy Giesler 0-0: Ball
1-0: Called Strike
1-1: TRIPLE (Line Drive, 9LD, EV 101.9 MPH)
Batting: RHB Danny Merrill 0-0: Swinging Strike
0-1: Ball
1-1: Foul Ball, location: 2F
1-2: Foul Ball, location: 2F
1-2: Foul Ball, location: 2F
1-2: DOUBLE (Flyball, 89D, EV 94.4 MPH)
Jeremy Giesler scores
Batting: RHB Dermott Neill 0-0: Ground out 6-3 (Groundball, 6, EV 80.6 MPH)
Top of the 7th over - 1 run, 2 hits, 0 errors, 1 left on base; Bowie 3 - Jackson 8
BOTTOM OF THE 7TH
Jackson Generals batting - Pitching for Bowie Baysox : RHP Påske Olmqvist
Pitching: RHP Shane Kruger
Batting: LHB Matt Purke Jr. 0-0: Ground out U3 (Groundball, 34, EV 82.5 MPH)
Batting: RHB Malik Brookshire 0-0: Ball
1-0: Ball
2-0: Ball
3-0: Called Strike
3-1: Foul Ball, location: 2F
3-2: Foul Ball, location: 2F
3-2: Strikes out swinging
Batting: LHB Ignacio Bernal 0-0: Called Strike
0-1: Ball
1-1: Ball
2-1: Ball
3-1: Base on Balls
Batting: LHB Jerrod Cluck 0-0: Called Strike
Ignacio Bernal steals 2nd base (no throw)
0-1: Ball
1-1: Swinging Strike
1-2: Foul Ball, location: 2F
1-2: Foul Ball, location: 2F
1-2: Foul Ball, location: 2F
1-2: Strikes out swinging
Bottom of the 7th over - 0 runs, 0 hits, 0 errors, 1 left on base; Bowie 3 - Jackson 8
TOP OF THE 8TH
Bowie Baysox batting - Pitching for Jackson Generals : RHP Kurt Loscalzo
Batting: LHB Pat Shaddock 0-0: Called Strike
0-1: Foul Ball, location: 2F
0-2: Ball
1-2: Ball
2-2: Ball
3-2: Foul Ball, location: 2F
3-2: Base on Balls
Pitching: RHP Mike Bator
Batting: SHB Justin Toth 0-0: Ball
1-0: Foul Ball, location: 2F
1-1: Called Strike
1-2: Strikes out swinging
Batting: RHB Vince Jackson 0-0: Fielders Choice at 2nd, 4-6 (Groundball, 4, EV 90.6 MPH)
Batting: RHB Chase Cassidy 0-0: Ball
1-0: Ball
2-0: Foul Ball, location: 2F
2-1: Swinging Strike
2-2: Foul Ball, location: 2F
2-2: Foul Ball, location: 2F
2-2: Strikes out looking
Top of the 8th over - 0 runs, 0 hits, 0 errors, 1 left on base; Bowie 3 - Jackson 8
BOTTOM OF THE 8TH
Jackson Generals batting - Pitching for Bowie Baysox : RHP Shane Kruger
Batting: LHB Cliff Thomas 0-0: Foul Ball, location: 2F
0-1: Ground out 5-3 (Groundball, 15, EV 85.0 MPH)
Batting: RHB Harutomi Matsubara 0-0: Called Strike
0-1: Ground out 4-3 (Groundball, 34, EV 81.9 MPH)
Batting: RHB Tony Vargas 0-0: Ball
1-0: Called Strike
1-1: Ball
2-1: Foul Ball, location: 2F
2-2: Ball
3-2: Base on Balls
Batting: LHB Tom Reynolds 0-0: Called Strike
Tony Vargas steals 2nd base
0-1: Ball
1-1: Ground out 6-3 (Groundball, 6, EV 80.6 MPH)
Bottom of the 8th over - 0 runs, 0 hits, 0 errors, 1 left on base; Bowie 3 - Jackson 8
TOP OF THE 9TH
Bowie Baysox batting - Pitching for Jackson Generals : RHP Mike Bator
Batting: LHB Momoru Yasui 0-0: Ball
1-0: Foul Ball, location: 2F
1-1: Fly out, F8 (Flyball, 8RM, EV 91.3 MPH)
Batting: RHB Ashton Holloway 0-0: Foul Ball, location: 2F
0-1: Called Strike
0-2: Fly out, F3 (Line Drive, 3, EV 68.1 MPH)
Batting: RHB Jeremy Giesler 0-0: Ball
1-0: Swinging Strike
1-1: Swinging Strike
1-2: Ball
2-2: Foul Ball, location: 2F
2-2: Strikes out swinging
Top of the 9th over - 0 runs, 0 hits, 0 errors, 0 left on base; Bowie 3 - Jackson 8
Thursday, March 31st , 2022 - OOTP Baseball 22.12 Build 89